 Dungeon Sprint DCSS version 0.30-a0-845-g7c6808c8ce (webtiles) character file.

Game seed: 11308645832988842799

8277 NinjaNoafa the Impaler (level 11, -3/99 HPs)
             Began as a Hill Orc Monk on Mar 2, 2023.
             Was a High Priest of Hepliaklqana.
             Blown up by an eye of devastation (41 damage)
             ... with a bolt of energy
             ... in the Dungeon (Sprint V: "Ziggurat Sprint").
             The game lasted 00:08:06 (685 turns).

NinjaNoafa the Impaler (Hill Orc Monk)               Turns: 685, Time: 00:08:07

Health: -3/99      AC: 21    Str: 27    XL:     11   Next: 28%
Magic:  21/21      EV:  7    Int: 12    God:    Hepliaklqana [*****.]
Gold:   0          SH:  0    Dex: 13    Spells: 10/10 levels left

rFire   + + .      SeeInvis +    s - +5 bardiche (heavy)
rCold   + + .      Faith    .    (shield currently unavailable)
rNeg    . . .      Spirit   .    b - +5 gold dragon scales
rPois   +          Reflect  .    E - +2 helmet {SInv}
rElec   +          Rampage  .    I - +1 cloak {Will+}
rCorr   +          NoTele   +    (no gloves)
Will    ++...                    (no boots) Stlth
                                 D - amulet of regeneration
HPRegen 1.16/turn                x - +6 ring of strength
MPRegen 0.17/turn                H - ring of Agnosticism {rPois Will+ Str+2 Int+2}

@: resistant, corroded, on berserk cooldown, slowed, studying Polearms, very
slow
A: reduced essence
a: Renounce Religion, Recall Ancestor, Ancestor Identity, Transference, Idealise


You were in the Dungeon.
You worshipped Hepliaklqana.
Hepliaklqana was extremely pleased with you.
You visited 1 branch

Inventory:

Hand Weapons
 s - a +5 heavy bardiche (weapon)
Armour
 b - +5 gold dragon scales (worn)
 E - a +2 helmet of see invisible (worn)
 I - a +1 cloak of willpower (worn)
Jewellery
 a - a ring of flight
 m - a ring of protection from fire
 t - a +6 ring of dexterity
 u - a +6 ring of dexterity
 v - a +6 ring of intelligence
 w - a +6 ring of intelligence
 x - a +6 ring of strength (left hand)
 y - a +6 ring of strength
 D - an amulet of regeneration (around neck)
 F - a +6 ring of strength
 H - the ring of Agnosticism (right hand) {rPois Will+ Str+2 Int+2}
   (You found it in the Dungeon)

   [ring of poison resistance]

   Str:       It affects your strength (+2).
   Int:       It affects your intelligence (+2).
   rPois:     It protects you from poison.
   Will:      It increases your willpower.
 K - a +6 ring of dexterity
Wands
 z - a wand of mindburst (4)
 A - a wand of iceblast (3)
 B - a wand of light (6)
Scrolls
 i - 4 scrolls of blinking
 o - 4 scrolls of amnesia
 p - 7 scrolls of fog
 q - 5 scrolls of identify
 r - a scroll of fear
Potions
 c - a potion of ambrosia
 d - 9 potions of curing
 e - a potion of heal wounds
 f - 9 potions of haste
 g - 7 potions of magic
 h - 2 potions of berserk rage
 j - 2 potions of brilliance
 k - a potion of invisibility
 l - 2 potions of resistance
 n - 5 potions of might
Miscellaneous
 C - a lightning rod (4/4)
 G - a condenser vane
 J - a tin of tremorstones (2/2)
 L - a phial of floods


   Skills:
 - Level 14.3 Fighting
 + Level 17.6 Polearms
 - Level 12.1 Armour
 - Level 3.9 Dodging
 - Level 3.7 Stealth
 + Level 14.4 Invocations
 - Level 10.0 Evocations


You had 10 spell levels left.
You didn't know any spells.
Your spell library contained the following spells:

 Spells                   Type           Power      Damage    Failure   Level
 Ice Form                 Ice/Tmut       0%         N/A       100%        4
 Petrify                  Tmut/Erth      0%         N/A       100%        4
 Blade Hands              Tmut           0%         N/A       100%        5
 Irradiate                Conj/Tmut      0%         3d11      100%        5
 Yara's Violent Unravell  Hex/Tmut       0%         3d3       100%        5
 Dragon Form              Tmut           0%         N/A       100%        7
 Enfeeble                 Hex            0%         N/A       100%        7


Dungeon Overview and Level Annotations

Branches:
Dungeon (1/1)

Altars:
Ashenzari
Cheibriados
Dithmenos
Elyvilon
Fedhas
Gozag
Hepliaklqana
Kikubaaqudgha
Makhleb
Nemelex Xobeh
Okawaru
Qazlal
Ru
Sif Muna
Trog
Uskayaw
Vehumet
Wu Jian
Xom
Yredelemnul
Zin
The Shining One
Beogh
Jiyva
Lugonu

Annotations:
D 1 transporter


Message History

You slice the jelly!!
You kill the jelly!
The eye of devastation gazes at you. The bolt of energy hits you!!
* * * LOW HITPOINT WARNING * * *
The slime creature hits you.
* * * LOW HITPOINT WARNING * * *
You slice the eye of devastation!!
The eye of devastation is moderately wounded.
The eye of devastation gazes at you. The bolt of energy hits you!
* * * LOW HITPOINT WARNING * * *
The slime creature hits you.
* * * LOW HITPOINT WARNING * * *
The eye of devastation gazes at you. The bolt of energy hits you!!
* * * LOW HITPOINT WARNING * * *
You feel a strong urge to attack something.
You are too berserk!
Unknown command.
You feel your anger nearly subside.
You are no longer berserk.
You are exhausted.
You feel yourself slow down.
You feel much better. The eye of devastation gazes at you.
The bolt of energy hits you!
* * * LOW HITPOINT WARNING * * *
You feel much better. The jelly hits you but does no damage.
Okay, then.
You feel better. The jelly hits you but does no damage. The jelly misses you.
You chop the jelly into pieces!!!
You kill the jelly!
The eye of devastation gazes at you. The bolt of energy hits you!!
* * * LOW HITPOINT WARNING * * *
You carve the eye of devastation like a ham!!!
The eye of devastation is almost dead.
The eye of devastation gazes at you. The bolt of energy hits you!!!
You die...

▓...8©8...▓
▓..|}|}}..▓
▓...)|)|..▓
▓.........▓
▓.........▓
▓.........▓
▓.......G.▓
▓.▓.....▓G▓
▓....©.JG@▓
▓▓▓▓▓▓▓▓▓▓▓


You could see a slime creature and 3 eyes of devastation.

Vanquished Creatures
  A green draconian (D)
  A red draconian (D)
  A mummy priest (D)
  A death scarab (D)
  5 draconians (D)
  An eye of devastation (D)
  A rime drake (D)
  2 ice devils (D)
  2 freezing wraiths (D)
  2 tarantellas (D)
  A jumping spider (D)
  A flying skull (D)
  A yak (D)
  An ushabti (D)
  A golden eye (D)
  2 redbacks (D)
  An ice beast (D)
  4 phantoms (D)
  A scorpion (D)
  A bullfrog (D)
  2 necrophages (D)
  2 jellies (D)
  2 iguanas (D)
  2 mummies (D)
  2 river rats (D)
  A white imp (D)
  An endoplasm (D)
  2 jackals (D)
  A ball python zombie (D)
  A quokka zombie (D)
47 creatures vanquished.

Vanquished Creatures (collateral kills)
  An iguana (D)
  2 jackals (D)
3 creatures vanquished.

Vanquished Creatures (others)
  6 knights (D)
6 creatures vanquished.

Grand Total: 56 creatures vanquished

Notes
Turn   | Place    | Note
-------+----------+-------------------------------------------
     0 | D        | NinjaNoafa the Hill Orc Monk began the quest for the Orb.
     0 | D        | Reached XP level 1. HP: 19/19 MP: 1/1
     0 | D        | Found a shimmering blue altar of Sif Muna.
     0 | D        | Found a sacrificial altar of Ru.
     0 | D        | Found a bloodstained altar of Trog.
     0 | D        | Found a stormy altar of Qazlal.
     0 | D        | Found an iron altar of Okawaru.
     0 | D        | Found a sparkling altar of Nemelex Xobeh.
     0 | D        | Found a blossoming altar of Fedhas.
     0 | D        | Found the +6 Majin-Bo {spellvamp, MP+6 Int+6}
     0 | D        | Found the +27 heavy crossbow "Sniper" {heavy, Acc+∞ SInv}
     0 | D        | Found the +10 dark maul {heavy}
     0 | D        | Found the +15 Maxwell's patent armour {-Cast -Tele rElec
                  | Will+ rCorr}
     0 | D        | Found the +18 shield of the Gong {Loud rN+ Will+ rCorr
                  | EV-5}
     0 | D        | Found the +16 obsidian axe {drain, demonic, Mesm Drain Fly
                  | SInv}
     0 | D        | Found the +7 great mace "Firestarter" {flame, inner flame,
                  | rFlCloud rF++}
     0 | D        | Found the +6 shillelagh "Devastator" {shatter}
     0 | D        | Found the +11 plutonium sword {Contam Stlth-}
     0 | D        | Found the +8 lance "Wyrmbane" {slay drac, rPois rF+ rC+
                  | AC+3}
     0 | D        | Found the +9 sword of Zonguldrok {reap}
     0 | D        | Found the +13 scythe of Curses {drain, curses, Drain}
     0 | D        | Found the +9 sword of Power {lifebolt}
     0 | D        | Found the +7 mace of Variability {chaos, chain chaos}
     0 | D        | Found the +11 Singing Sword {sonic wave}
     0 | D        | Found the +8 storm bow {elec, penet}
     2 | D        | Found a transporter.
     2 | D        | Found an ancient bone altar of Kikubaaqudgha.
     2 | D        | Found a viscous altar of Jiyva.
     2 | D        | Found a corrupted altar of Lugonu.
     2 | D        | Found a hazy altar of Hepliaklqana.
     2 | D        | Found a burning altar of Makhleb.
     2 | D        | Found an opulent altar of Gozag.
    54 | D        | Became a worshipper of Hepliaklqana the Forgotten
    54 | D        | Reached * piety under Hepliaklqana
    54 | D        | Reached ** piety under Hepliaklqana
    56 | D        | Remembered your ancestor Jones as a knight
   103 | D        | Entered arena 2.
   103 | D        | Noticed a bullfrog
   103 | D        | Found a transporter.
   107 | D        | Killed a bullfrog
   108 | D        | Reached skill level 5 in Fighting
   108 | D        | Reached skill level 5 in Polearms
   108 | D        | Reached XP level 2. HP: 27/27 MP: 2/2
   108 | D        | Reached XP level 3. HP: 33/33 MP: 3/3
   108 | D        | Reached XP level 4. HP: 39/39 MP: 4/4
   176 | D        | Entered arena 3.
   176 | D        | Noticed a green draconian
   176 | D        | Noticed a red draconian
   176 | D        | Noticed a draconian
   176 | D        | Found a transporter.
   177 | D        | Reached skill level 12 in Polearms
   177 | D        | Reached XP level 5. HP: 41/45 MP: 5/5
   191 | D        | Killed a draconian
   192 | D        | Reached skill level 13 in Polearms
   192 | D        | Reached skill level 5 in Invocations
   192 | D        | Reached XP level 6. HP: 39/54 MP: 5/10
   192 | D        | Reached XP level 7. HP: 43/60 MP: 5/11
   195 | D        | Killed a red draconian
   196 | D        | Reached skill level 14 in Polearms
   196 | D        | Reached skill level 5 in Evocations
   196 | D        | Reached XP level 8. HP: 49/70 MP: 5/13
   198 | D        | Killed a green draconian
   199 | D        | Reached skill level 10 in Fighting
   199 | D        | Reached XP level 9. HP: 57/77 MP: 5/16
   286 | D        | Got the Atlas of the Xenotype
   293 | D        | Entered arena 4.
   293 | D        | Noticed a draconian
   293 | D        | Noticed a draconian
   293 | D        | Noticed a draconian
   293 | D        | Noticed a draconian
   293 | D        | Reached *** piety under Hepliaklqana
   293 | D        | Found a transporter.
   302 | D        | Killed a draconian
   303 | D        | Reached skill level 10 in Invocations
   304 | D        | Killed a draconian
   305 | D        | Reached skill level 15 in Polearms
   308 | D        | Killed a draconian
   322 | D        | Killed a draconian
   323 | D        | Reached XP level 10. HP: 39/87 MP: 18/18
   378 | D        | Entered arena 5.
   378 | D        | Found the +3 giant club "Skullcrusher" {speed, Str+7}
   378 | D        | Found a transporter.
   408 | D        | Entered arena 6.
   408 | D        | Reached **** piety under Hepliaklqana
   408 | D        | Found a transporter.
   429 | D        | Entered arena 7.
   435 | D        | Found a transporter.
   448 | D        | Reached skill level 10 in Armour
   462 | D        | Got the ring of Agnosticism {rPois Will+ Str+2 Int+2}
   489 | D        | Entered arena 8.
   489 | D        | Noticed a death scarab
   489 | D        | Noticed a mummy priest
   489 | D        | Reached ***** piety under Hepliaklqana
   490 | D        | Noticed a jiangshi
   490 | D        | Found a transporter.
   490 | D        | Noticed a phantasmal warrior
   493 | D        | Killed a death scarab
   494 | D        | Reached skill level 16 in Polearms
   495 | D        | Killed a mummy priest
   496 | D        | Reached skill level 10 in Evocations
   535 | D        | Got the amulet "Oklued" {RegenMP Slay+2}
   549 | D        | Entered arena 9.
   551 | D        | Found a transporter.
   562 | D        | Reached XP level 11. HP: 65/97 MP: 21/21
   621 | D        | Got the amulet "Netzifel" {Spirit Int+4 SInv}
   630 | D        | Entered arena 10.
   631 | D        | Found a transporter.
   647 | D        | Reached skill level 17 in Polearms
   661 | D        | Entered arena 11.
   662 | D        | Found a transporter.
   685 | D        | Blown up by an eye of devastation

Illustrated notes

Levels and vault maps discovered:
D:        sprint_v [room_start, room_1, room_2, room_3, room_4, room_5, room_6,
          room_7, room_8, room_9, room_10, room_11, room_12, room_13, room_14,
          room_15, room_16, room_17, room_18, room_19, room_20, room_21,
          room_22, room_23, room_24, room_25, room_26, room_27]

Skill      XL: |  1  2  3  4  5  6  7  8  9 10 11 |
---------------+----------------------------------+-----
Fighting       | 5 7 9 10 11 13 14 | 14.3
Polearms       | 5 12 13 14 15 16 17 | 17.6
Dodging        | 3 |  3.9
Stealth        | 3 |  3.7
Armour         | 4 6 7 9 11 12 | 12.1
Invocations    | 5 7 9 11 13 14 | 14.4
Evocations     | 4 5 7 8 10 | 10.0

Action                     |  1- 3 |  4- 6 |  7- 9 | 10-12 || total
---------------------------+-------+-------+-------+-------++-------
  Melee: Bardiche          |     4 |     6 |    24 |    85 ||   119
 Invoke: Ancestor Life: Kn |     1 |       |       |       ||     1
         Ancestor Identity |     1 |       |       |       ||     1
         Idealise          |       |       |       |     1 ||     1
  Evoke: Wand              |       |     1 |     5 |     2 ||     8
         Lightning rod     |       |       |     4 |       ||     4
         Condenser vane    |       |       |       |     1 ||     1
    Use: Potion            |       |     8 |     1 |     8 ||    17
         Scroll            |       |       |       |     2 ||     2
   Stab: Invisible         |       |     1 |     2 |       ||     3
         Distracted        |       |       |       |     2 ||     2
 Armour: Gold dragon scale |     3 |     8 |    18 |   116 ||   145
  Dodge: Dodged            |     1 |     5 |    11 |    58 ||    75

Table legend: (Time is in decaauts)
 A = Elapsed time spent in this place.
 B = Non-inter-level travel time spent in this place.
 C = Inter-level travel time spent in this place.
 D = Time resting spent in this place.
 E = Time spent auto-exploring this place.
 F = Levels seen in this place.
 G = Mean time per level.
                   A        B        C        D        E       F      G
               +--------+--------+--------+--------+--------+-----+--------+
         Total |    688 |    679 |      9 |     76 |    185 |   1 |  688.0 |
       Dungeon |    688 |    679 |      9 |     76 |    185 |   1 |  688.0 |
               +--------+--------+--------+--------+--------+-----+--------+

Top non-repeatable levels by time:
       D: 688 daAuts
